AoeStats
← Azir DMG

Arabia

508625982Analyzed
1v1 RM · 9d ago on Sep 23, 2026· 44m 28s· 2 players
Game mode
Random Map
Map size
Tiny (2 player)
Population
200
Speed
Normal
Resources
Standard
Victory
Conquest
Starting age
Dark Age
Ending age
Imperial Age
RankedLock teamsTeams togetherTeam positionsShared explorationLock speedFull tech treeHidden civsTurbo modeCheats
Victory
Defeat
🇪🇸 Britons · Spain
681
+14
🇧🇪 Britons · Belgium
639
-14
SuperZèbre
0:29 Loom
12:39 Feudal Age
19:35 Man-at-Arms
23:52 Stone Mining
24:28 Double-Bit Axe
27:39 Horse Collar
29:18 Gold Mining
32:14 Castle Age
33:09 Elite Skirmisher
33:38 Gambesons
Azir DMG
0:28 Loom
10:21 Feudal Age
15:14 Fletching
17:10 Wheelbarrow
19:59 Horse Collar
22:22 Padded Archer Armor
26:14 Castle Age
27:30 Hand Cart
27:04 Double-Bit Axe
27:00 Crossbowman
28:22 Bodkin Arrow
28:42 Leather Archer Armor
28:24 Gold Mining
28:25 Stone Mining
30:12 Gold Shaft Mining
31:09 Elite Skirmisher
36:08 Imperial Age
39:29 Chemistry
38:34 Bracer
39:04 Ring Archer Armor
38:30 Arbalester
Connection lost

Rejoining the realm…

Still unreachable

The connection could not be restored.

Session expired

The server has moved on; the page needs a fresh start.